Map: Rifts to Korhal

Players

LilArrin

  • Race: Protoss Protoss
  • Spawn Location: 7:00

LilArrin

  • Race: Terran Terran
  • Spawn Location: 7:00

VOD

Have the link to the VOD?

Description

Time

  • Played on: Aug. 26, 2017, 1:58 a.m.
  • Length: 13:57
Show
View Real Time Build Order
Export as new Build Order

LilArrin Protoss 

Build Orders:  

Get SALT Encoding   

Show
View Real Time Build Order
Export as new Build Order

LilArrin Terran 

Build Orders:  

Get SALT Encoding   

  12  0:03  SCV  
  13  0:20  SCV  
  14  0:32  Supply Depot  
  14  0:37  SCV  
  15  0:53  Barracks, SCV  
  16  1:10  SCV  
  17  1:24  Marine  
  17  1:28  Orbital Command  
  18  1:33  Bunker  
  18  1:35  Marine  
  19  1:45  Marine  
  20  1:54  Supply Depot  
  20  1:55  Marine  
  21  2:03  SCV  
  22  2:20  SCV  
  23  2:37  SCV  
  24  2:43  Command Center  
  24  2:54  SCV  
  25  3:11  SCV  
  26  3:21  Command Center  
  26  3:31  Refinery, SCV  
  26  3:32  Refinery  
  26  3:39  Barracks  
  27  3:48  SCV  
  28  3:54  Engineering Bay  
  28  4:04  SCV  
  29  4:19  Barracks Tech Lab  
  29  4:26  Barracks  
  29  4:28  SCV  
  30  4:38  Orbital Command  
  30  4:44  SCV  
  30  4:45  Terran Infantry Weapons Level 1  
  31  4:53  Barracks Reactor  
  31  4:57  Combat Shields  
  31  5:01  Orbital Command, SCV  
  31  5:04  Barracks Reactor  
  32  5:18  SCV  
  33  5:24  Marine  
  33  5:25  SCV  
  35  5:34  Marine  
  35  5:35  SCV  
  37  5:45  Marine x2, SCV  
  37  5:46  Marine  
  41  5:55  Marine  
  41  5:56  Medic, Marine  
  45  6:05  Marine x2  
  45  6:06  Medic, Marine x2  
  51  6:15  Marine x2  
  51  6:16  Marine x2  
  51  6:17  Medic  
  57  6:25  Marine  
  57  6:27  Medic  
  57  6:32  Marine x2  
  60  6:44  Marine x2  
  60  6:46  Marine  
  61  7:01  Supply Depot  
  61  7:02  Supply Depot, Marine x4  
  61  7:04  SCV x3  
  61  7:06  Supply Depot  
  61  7:09  Marine  
  68  7:12  Medic  
  68  7:13  Marine  
  68  7:14  Marine  
  68  7:19  Marine  
  73  7:21  SCV x2  
  73  7:24  Terran Infantry Armor Level 1  
  73  7:25  Stabilizer Medpacks  
  73  7:28  SCV  
  77  7:31  Supply Depot  
  77  7:35  Marine x2  
  77  7:38  Medic, Marine  
  79  7:41  Marine  
  83  7:50  Supply Depot  
  83  7:52  Marine, SCV x3  
  87  8:00  Marine x2  
  87  8:08  Supply Depot  
  87  8:09  SCV  
  86  8:10  Marine x2  
  86  8:11  Marine  
  86  8:12  Marine  
  86  8:16  Marine  
  90  8:20  Marine  
  90  8:21  Marine x2  
  92  8:32  Marine  
  92  8:33  Marine  
  92  8:42  Barracks, Supply Depot  
  92  8:44  Marine x2  
  92  8:45  Marine  
  95  8:52  Marine x2  
  95  8:54  Marine  
  95  8:55  Marine x2  
  95  8:59  SCV x2  
  102  9:02  Marine  
  102  9:05  Medic, Marine  
  102  9:10  Marine x2  
  102  9:12  Marine  
  102  9:15  Marine  
  102  9:19  Marine x2  
  98  9:20  Marine  
  98  9:25  Marine  
  98  9:27  Marine  
  98  9:34  Barracks Tech Lab  
  98  9:35  Marine  
  98  9:36  Concussive Shells  
  100  9:43  Marine x2  
  100  9:44  Marauder, Marine  
  100  9:46  Marine, Supply Depot  
  106  9:53  Marine x2  
  106  9:54  Marine  
  106  9:56  Medic, Marine  
  106  9:59  Marine  
  100  10:03  Marine x2  
  100  10:04  Marine  
  100  10:06  Medic, Marine  
  100  10:09  Marine  
  101  10:13  Marine x2  
  101  10:14  Marine  
  101  10:16  Medic  
  101  10:17  Marine  
  101  10:19  Marine  
  102  10:23  Marine  
  102  10:24  Marine  
  102  10:25  Marine  
  102  10:26  Marine  
  102  10:27  Marine  
  102  10:29  Marine  
  104  10:34  Marine x2  
  104  10:35  Marine  
  104  10:37  Marine x2  
  108  10:40  Marine  
  108  10:44  Marine x2  
  108  10:49  Marine  
  66  10:50  Medic, Marine  
  112  10:54  Marine x2  
  118  11:00  Medic  
  118  11:05  Supply Depot  
  118  11:07  Medic, Marine x2  
  118  11:08  Supply Depot  
  121  11:11  Marine x2  
  121  11:13  Marine  
  121  11:17  Marine  
  127  11:28  Marine  
  127  11:29  Medic, Marine  
  128  11:35  Marine x2  
  134  11:44  Marine x2  
  134  11:45  Medic  
  134  11:49  Marine  
  72  11:50  Marine  
  138  11:52  Marine  
  141  12:03  Marine x3, Supply Depot  
  141  12:04  Marauder x2  
  141  12:05  Supply Depot  
  141  12:06  Marine  
  149  12:13  Marine  
  149  12:16  Medic x2  
  149  12:18  Marine x3  
  149  12:24  Marine  
  149  12:26  Marine x2  
  149  12:28  Marine  
  149  12:29  Marine x2  
  152  12:36  Marine  
  152  12:37  Medic, Marine  
  152  12:39  Marine x3  
  145  12:47  Medic, Marine x2  
  149  12:51  Marine x2  
  149  12:55  Marine  
  149  12:57  Marine x2  
  154  13:01  Marine x2  
  154  13:03  Marine  
  154  13:05  Marine  
  154  13:09  Marine x2  
  156  13:12  Marine  
  149  13:21  Marine x3  
  149  13:27  Marine x3  
  139  13:31  Marine  
Tags
 
Commander
FenixRaynor
Matchup
Co-op
Replay Pack
Co-op Speedrun
Add a new tag
Caveats
  • Supply blocks, unpowered buildings, or Contaminate may cause inaccurate times.
  • Supply counts are checked every 10 seconds.